 Dungeon Crawl Stone Soup version 0.19.5-1-g796a6487f8 (webtiles) character file.

28929629 Xiguana the Middleweight Champion (level 27, 148/148 HPs)
             Began as a Vine Stalker Hunter on Apr 15, 2019.
             Was the Champion of Cheibriados.
             Escaped with the Orb
             ... and 15 runes!
             The game lasted 03:38:33 (51507 turns).

Xiguana the Middleweight Champion (VSHu)           Turns: 51507, Time: 03:38:34

Health: 148/148    AC: 11    Str: 41    XL:     27
Magic:  42/42      EV: 30    Int: 29    God:    Cheibriados [******]
Gold:   5459       SH: 20    Dex: 35    Spells: 15 memorised, 17 levels left

rFire  + + .     SeeInvis +       - Unarmed
rCold  + . .     Gourm    .     C - +2 robe {Archmagi}
rNeg   + . .     Faith    .     c - +2 shield {reflect}
rPois  +         Spirit   +     W - +1 helmet {SInv}
rElec  .         Reflect  +     K - +0 cloak {rPois}
rCorr  .         Harm     .     v - +0 pair of gloves of the Swan {rF+}
MR     ++++.     Rnd*Rage +     l - +2 pair of boots {Stlth+}
Stlth  +++.......               T - amulet of magic regeneration
                                E - ring "Cedepajeu" {+Inv rF+ Stlth-}
                                Q - ring "Raicuguj" {rC+ rN+ MR+ Int+3 Dex+3}

@: studying Dodging, repel missiles, very slow
A: fangs 3, berserk 1, deterioration 1, frail 1, low mp 2, regeneration 2, magic
shield, antimagic bite, no device heal 3, rot immunity, subdued magic 1
a: Bend Time, Temporal Distortion, Slouch, Step From Time, Renounce Religion,
Evoke Invisibility
0: Orb of Zot
}: 15/15 runes: barnacled, slimy, silver, golden, iron, obsidian, icy, bone,
abyssal, demonic, glowing, magical, fiery, dark, gossamer


You escaped.
You worshipped Cheibriados.
Cheibriados was exalted by your worship.
You were not hungry.

You visited 17 branches of the dungeon, and saw 89 of its levels.
You visited Pandemonium 2 times, and saw 25 of its levels.
You visited the Abyss 2 times.
You visited 1 bazaar.
You also visited: Sewer, Ossuary and Ice Cave.

You collected 8237 gold pieces.
You spent 2778 gold pieces at shops.

Inventory:

Missiles
 d - 17 throwing nets (quivered)
Armour
 c - a +2 shield of reflection (worn)
 l - a +2 pair of boots of stealth (worn)
 v - the +0 pair of gloves of the Swan (worn) {rF+}
   (You found it in an ice cave)

   It protects you from fire.
 C - a +2 robe of the Archmagi (worn)
 K - a +0 cloak of poison resistance (worn)
 W - a +1 helmet of see invisible (worn)
Jewellery
 p - an uncursed ring of resist corrosion
 E - the ring "Cedepajeu" (right hand) {+Inv rF+ Stlth-}
   (You found it on level 6 of the Lair of Beasts)

   [ring of loudness]

   It protects you from fire.
   It lets you turn invisible.
   It makes you less stealthy.
 G - the ring "Kumougae" {rPois Int+4 SInv Stlth+}
   (You bought it in a shop on level 2 of the Depths)

   [ring of see invisible]

   It affects your intelligence (+4).
   It protects you from poison.
   It lets you see invisible.
   It makes you more stealthy.
 P - the ring of Ododda {+Fly rC++ MR+ Str+3 Stlth-}
   (You found it on level 7 of the Iron City of Dis)

   [ring of protection from magic]

   It affects your strength (+3).
   It greatly protects you from cold.
   It affects your resistance to hostile enchantments.
   It lets you fly.
   It makes you less stealthy.
 Q - the ring "Raicuguj" (left hand) {rC+ rN+ MR+ Int+3 Dex+3}
   (You bought it in a shop on level 6 of the Dungeon)

   [ring of intelligence]

   It affects your intelligence (+3).
   It affects your dexterity (+3).
   It protects you from cold.
   It protects you from negative energy.
   It affects your resistance to hostile enchantments.
 T - an amulet of magic regeneration (around neck)
 X - the ring "Akajudd" {Int+3 Dex+5 SInv}
   (You found it on level 5 of the Pits of Slime)

   [ring of intelligence]

   It affects your intelligence (+3).
   It affects your dexterity (+5).
   It lets you see invisible.
Wands
 w - a wand of teleportation (1/9)
 V - a wand of disintegration (11/24)
 Y - a wand of digging (14/24)
Scrolls
 b - 3 scrolls of blinking
 i - 13 scrolls of recharging
 m - 5 scrolls of fog
 n - 2 scrolls of summoning
 s - 7 scrolls of fear
 u - 14 scrolls of identify
 B - 9 scrolls of enchant armour
 J - 8 scrolls of amnesia
 O - 3 scrolls of immolation
 Z - 11 scrolls of remove curse
Potions
 e - 10 potions of flight
 g - 8 potions of might
 h - 2 potions of magic
 k - 8 potions of ambrosia
 r - 16 potions of curing
 H - 9 potions of agility
 I - 3 potions of resistance
 L - 17 potions of brilliance
 M - 3 potions of invisibility
 N - 4 potions of cancellation
Books
 q - Hiuskav's Papyrus of Transmigration
   (You found it on level 7 of Gehenna)

   Spells                             Type                      Level
   a - Yara's Violent Unravelling     Hexes/Transmutation          5
   b - Dragon Form                    Transmutation                7
 t - a manual of Dodging
 D - a book of Enchantments

   Spells                             Type                      Level
   a - Cause Fear                     Hexes                        4
   b - Yara's Violent Unravelling     Hexes/Transmutation          5
   c - Silence                        Hexes/Air                    5
   d - Deflect Missiles               Charms/Air                   6
   e - Discord                        Hexes                        8
 U - a book of the Warp

   Spells                             Type                      Level
   a - Gell's Gravitas                Hexes/Translocation          3
   b - Portal Projectile              Translocation                3
   c - Force Lance                    Conjuration/Translocation    4
   d - Dispersal                      Translocation                6
   e - Controlled Blink               Translocation                8
   f - Disjunction                    Translocation                8
Miscellaneous
 o - a lamp of fire
 y - a phantom mirror
 A - 5 sacks of spiders
 F - a figurine of a ziggurat
 S - a phial of floods
Comestibles
 a - 27 meat rations
 f - 23 bread rations
 z - a royal jelly


   Skills:
 + Level 23.6 Fighting
 - Level 3.6 Throwing
 - Level 13.4 Dodging
 - Level 22.8 Stealth
 - Level 15.4 Shields
 O Level 27 Unarmed Combat
 + Level 24.7 Spellcasting
 - Level 7.4 Charms
 + Level 23.2 Summonings
 + Level 22.8 Translocations
 - Level 13.5 Transmutations
 - Level 13.5 Earth Magic
 - Level 11.3 Invocations


You had 17 spell levels left.
You knew the following spells:

 Your Spells              Type           Power        Failure   Level  Hunger
a - Malign Gateway        Summ/Tloc      ########..   1%          7    None
b - Aura of Abjuration    Summ           ########..   0%          5    None
c - Repel Missiles        Chrm/Air       ######       1%          2    None
d - Statue Form           Tmut/Erth      #######..    1%          6    None
e - Lesser Beckoning      Tloc           ########..   0%          3    None
f - Irradiate             Conj/Tmut      ######....   1%          5    None
g - Regeneration          Chrm/Necr      ######....   1%          3    None
h - Passage of Golubria   Tloc           N/A          0%          4    None
i - Lee's Rapid Deconstr  Erth           #######...   1%          5    None
j - Controlled Blink      Tloc           N/A          1%          8    ####...
x - Control Undead        Necr           #####.....   8%          4    None
E - Passwall              Tmut/Erth      #######...   0%          2    None
Q - Blink                 Tloc           N/A          0%          2    None
R - Apportation           Tloc           ########..   0%          1    None
W - Summon Butterflies    Summ           ########     0%          1    None


Dungeon Overview and Level Annotations

Branches:
Dungeon (15/15)            Temple (0/1) D:7            Lair (6/6) D:8
 Shoals (4/4) Lair:4       Spider (4/4) Lair:4        Slime (5/5) Lair:6
    Orc (2/2) D:10            Elf (3/3) Orc:2        Vaults (5/5) D:13
  Crypt (3/3) Vaults:3       Tomb (3/3) Crypt:3      Depths (5/5) D:15
   Hell (1/1)                 Dis (7/7) Hell            Geh (7/7) Hell
    Coc (7/7) Hell            Tar (7/7) Hell            Zot (5/5) Depths:5

Altars:
Ashenzari
Cheibriados
Dithmenos
Gozag
Hepliaklqana
Kikubaaqudgha
Makhleb
Nemelex Xobeh
Okawaru
Ru
Uskayaw
Yredelemnul
Beogh
Jiyva

Shops:
D:4 *   D:6 =%[*   D:10 [(*   D:15 (   Orc:2 (!}?   Elf:1 =*   Elf:2 !
Vaults:1 (   Depths:2 ([(*(

Portals:
Hell: Depths:1 Depths:2 Depths:4
Pandemonium: Depths:3

Annotations:
Shoals:4 Ilsuiw
Elf:2 5 runed doors
Tar:2 7 runed doors, exclusions: 3 doors and 33 more exclusions


Innate Abilities, Weirdness & Mutations

You have razor-sharp teeth.
You heal very quickly.
When hurt, damage is shared between your health and your magic reserves.
Your bite disrupts and absorbs the magic of your enemies.
Potions and wands cannot restore your health.
You are immune to rotting.
You tend to lose your temper in combat.
Your body sometimes deteriorates upon taking damage.
You are frail. (-10% HP)
Your magical capacity is very low. (-20% MP)
Your spells are a little easier to cast, but a little less powerful.


Message History

The ufetubus hits you but does no damage.
The ufetubus misses you. The ufetubus completely misses you.
You block the ufetubus's attack. The ufetubus completely misses you.
You block the ufetubus's attack. x2; The ufetubus completely misses you.
You block the ufetubus's attack. x2; The ufetubus completely misses you.
The ufetubus completely misses you. You block the ufetubus's attack.
The ufetubus misses you. You block the ufetubus's attack.
The ufetubus completely misses you. You block the ufetubus's attack.
The ufetubus disappears in a puff of smoke!
You block the ufetubus's attack. The ufetubus barely misses you.
There is a staircase leading out of the dungeon here.
You are a level 27 Vine Stalker Hunter.
I'm sorry, level 27 is as high as you can go.
With the way you've been playing, I'm surprised you got this far.
Play time: 03:38:23 (51506 turns) Unknown command.
The ufetubus disappears in a puff of smoke!
The ynoxinul gestures.
You block the ufetubus's attack. x2
You have escaped!

....##..#.###..........##.#
###..#..#.##...........##.#
####...................##.#
...................>...##.#
######.###########.....##.#
##.#8≈≈≈≈§§§8#.....##.#
#..#.....5§..########.#
#..#.....§.5.# #.#
#####>.'....85.3@# #.#
.......'....8....# #.#
####..##.........# #.#
####.###.........# #.#
.##..# #8≈≈§≈≈§≈8# #.#
[.#.##############
######.##### ....#.....#
#..........# #..##.....#
#####..........#
##........#
#.....†........#


You could see a ynoxinul and 3 ufetubi.

Vanquished Creatures
  Cerebov (Pan)
  Antaeus (Coc:7)
  Asmodeus (Geh:7)
  the Royal Jelly (Slime:5)
  Ereshkigal (Tar:7)
  Gloorx Vloq (Pan)
  the Serpent of Hell (Dis:7)
  Lom Lobon (Pan)
  Mnoleg (Pan)
  7 orbs of fire
  Dispater (Dis:7)
  Mennas (Pan)
  Mara (Vaults:4)
  3 juggernauts
  8 ancient liches
  9 pandemonium lords
  31 greater mummies
  Sojobo (Depths:1)
  Margery (Depths:3)
  Frederick (Depths:3)
  The ghost of beardedkeet the Conqueror, a veteran MiBe of Trog (Slime:5)
  A curse toe (Zot:4)
  Saint Roka (Depths:1)
  A Killer Klown (Zot:5)
  Geryon (Hell)
  4 shard shrikes (Coc:7)
  9 golden dragons
  Xtahua (Crypt:2)
  Jory (Depths:3)
  6 doom hounds
  9 bone dragons
  The ghost of Erymatos the Slayer, an adept MiBe of Trog (Elf:3)
  Arachne (Spider:4)
  21 Brimstone Fiends
  5 iron giants (Dis:7)
  Jorgrun (Shoals:2)
  25 Tzitzimimeh
  10 Hell Sentinels
  12 liches
  3 electric golems
  Rupert (Lair:4)
  16 tentacled monstrosities
  20 Ice Fiends
  22 Orb Guardians
  4 titans
  Asterion (Depths:2)
  2 deep elf master archers (Elf:3)
  2 deep elf blademasters (Elf:3)
  3 death cobs
  The ghost of Erymatos the Executioner, an adept MiBe of Trog (Elf:3)
  Frances (D:12)
  16 ancient champions
  The ghost of Ezendos the Fencer, an adept HuGl of Okawaru (Spider:1)
  Gastronok (D:8)
  8 eldritch tentacles
  25 acid blobs
  17 Executioners
  14 sphinxes
  Kirke (Lair:4)
  7 storm dragons
  7 revenants
  10 shadow dragons
  6 tengu reavers
  The ghost of chimenez the Severer, an adept MiFi of Okawaru (Shoals:3)
  11 warmongers
  12 fire giants
  5 draconian monks
  A fire giant (shapeshifter) (Vaults:5)
  11 azure jellies (Slime:5)
  A draconian knight (Depths:5)
  2 daevas (Pan)
  14 iron dragons
  14 frost giants
  The ghost of Xiguana the Brawler, an adept VSHu of Cheibriados (Spider:4)
  2 orc warlords (Orc:2)
  20 cacodemons
  7 deep elf sorcerers
  26 balrugs
  7 ghost moths
  6 blood saints (Pan)
  Aizul (Vaults:1)
  15 vault wardens
  4 curse skulls
  5 draconian zealots
  2 draconian scorchers
  10 emperor scorpions
  9 deep elf elementalists
  An angel (Abyss:3)
  A juggernaut skeleton (Crypt:1)
  3 draconian shifters (Zot:4)
  3 elemental wellsprings
  19 stone giants
  20 very ugly things
  5 draconian annihilators
  8 ghouls
  24 ironheart preservers
  3 entropy weavers
  68 reapers
  9 war gargoyles
  2 ophanim (Abyss:3)
  9 corrupters
  11 deep elf demonologists
  3 draconian callers
  3 bennus
  11 black suns (Pan)
  4 vampire knights
  Nessos (Lair:6)
  2 apis (Pan)
  Azrael (D:12)
  9 lorocyprocas
  9 deep elf annihilators
  7 mottled draconians
  9 black draconians
  6 white draconians
  3 green draconians
  5 red draconians
  7 yellow draconians
  10 deep elf death magi
  4 spark wasps
  11 ettins
  5 purple draconians
  5 eidola
  Snorg (Lair:6)
  16 green deaths
  7 quicksilver dragon zombies
  32 blizzard demons
  5 death oozes
  5 deep elf high priests
  20 mummy priests
  9 fire dragons
  7 yaktaur captains
  3 jiangshi
  2 kraken zombies
  8 merfolk javelineers
  Harold (Lair:4)
  8 small abominations
  8 great orbs of eyes
  5 hell beasts
  41 vault guards
  6 merfolk impalers
  8 rakshasas
  4 hydras
  9 monstrous demonspawn (Pan)
  Fannar (D:12)
  26 ice dragons
  2 merfolk avatars
  2 alligator snapping turtles
  9 death knights
  5 quicksilver dragon skeletons
  An anaconda (shapeshifter) (Vaults:5)
  14 ogre magi
  5 merfolk aquamancers
  A satyr (Shoals:4)
  7 deep troll shamans
  12 centaur warriors
  A spriggan berserker (Depths:5)
  47 death scarabs
  9 tengu warriors
  7 vampire magi
  32 hell hogs
  16 dancing weapons
  8 deep troll earth magi
  5 orc high priests (Orc:2)
  Urug (D:14)
  16 deep elf knights
  6 iron golems
  9 titan zombies
  28 hell knights
  6 titan skeletons
  4 storm dragon zombies
  75 sun demons
  119 skeletal warriors
  25 soul eaters
  2 wretched stars
  The ghost of Xiguana the Grappler, a novice VSHu of Cheibriados (D:9)
  16 iron trolls
  18 sixfirhies (Pan)
  5 shadow wraiths
  2 ghost moth zombies
  A golden dragon zombie (Geh:3)
  4 cherubim
  8 sea snakes
  8 anaconda zombies
  An unseen horror (shapeshifter) (Vaults:5)
  9 torturous demonspawn
  30 deep trolls
  4 storm dragon skeletons
  7 flayed ghosts
  2 glowing orange brains
  20 shadow demons
  52 large abominations
  7 infernal demonspawn (Pan)
  5 unseen horrors
  6 wizards
  18 phantasmal warriors
  13 deep elf archers
  6 gelid demonspawn (Pan)
  A lindwurm (Pan)
  An iron giant zombie (Crypt:2)
  Pikel (D:8)
  3 hill giants
  44 harpies
  3 golden dragon skeletons
  21 orc knights
  11 ironbrand convokers
  4 shadow dragon zombies
  4 stone giant zombies
  5 anaconda skeletons
  21 necromancers
  12 orb spiders
  41 deep elf magi
  A swamp dragon (shapeshifter) (Depths:2)
  7 wolf spider zombies
  A mana viper (shapeshifter) (Vaults:3)
  6 iron dragon zombies
  48 ugly things
  24 wolf spiders
  5 shining eyes
  An orb spider (shapeshifter) (Depths:1)
  10 orc sorcerers
  A sphinx skeleton (Vaults:4)
  A sphinx zombie (Vaults:4)
  16 manticores
  14 frost giant zombies
  5 fauns
  5 shadow dragon skeletons
  4 fire giant zombies
  13 starcursed masses
  Joseph (D:8)
  7 elephants (Lair:6)
  5 ice statues
  Maurice (D:8)
  5 iron dragon skeletons
  6 cyclopes
  3 frost giant skeletons
  4 black mambas
  13 moths of wrath
  11 fire giant skeletons
  7 dire elephant zombies
  4 eyes of devastation
  32 rust devils
  7 sirens
  3 dire elephant skeletons
  17 vault sentinels
  3 centaur zombies
  16 orange demons
  25 smoke demons
  13 spiny frogs
  5 stone giant skeletons
  A centaur skeleton (D:15)
  A spiny frog (shapeshifter) (Vaults:3)
  6 gargoyles
  A torpor snail (Lair:6)
  2 water nymphs (Shoals:2)
  A shock serpent skeleton (Geh:4)
  5 molten gargoyles (Geh:7)
  5 human zombies
  An eye of devastation (shapeshifter) (Vaults:5)
  A torpor snail (shapeshifter) (Vaults:5)
  An alligator snapping turtle skeleton (Crypt:1)
  2 emperor scorpion zombies
  3 rime drakes
  17 spectral swamp worms
  5 komodo dragons
  2 kobold demonologists
  23 demonic crawlers
  27 tormentors
  27 hellions
  36 yaktaurs
  2 catoblepas zombies
  24 red devils
  9 efreet
  35 freezing wraiths
  21 hellwings
  A silent spectre (Tar:7)
  2 human skeletons (Vaults:2)
  42 guardian mummies
  9 trolls
  39 ice devils
  2 harpy zombies (Dis:7)
  A queen bee (shapeshifter) (Elf:1)
  A catoblepas skeleton (Tar:7)
  2 polar bears (Lair:6)
  6 wind drakes
  33 two-headed ogres
  3 meliai (D:13)
  16 hydra zombies
  A wolf spider simulacrum (Coc:7)
  2 wind drakes (shapeshifter)
  7 tengu conjurers
  42 merfolk
  Prince Ribbit (D:6)
  3 alligator zombies
  11 bog bodies
  37 jumping spiders
  5 hydra skeletons
  4 harpy skeletons
  6 ettin zombies
  A hornet (shapeshifter) (D:15)
  A raiju (shapeshifter) (Vaults:1)
  49 slime creatures
  12 hornets
  A jumping spider zombie (Crypt:1)
  17 hippogriffs
  2 blink frogs (shapeshifter) (Depths:1)
  8 blink frogs
  3 ice dragon zombies
  A minotaur skeleton (Crypt:3)
  6 fire dragon zombies
  A dream sheep (Lair:6)
  9 snapping turtles
  92 flying skulls
  2 black mamba zombies
  3 alligator skeletons
  3 air elementals
  A spriggan (shapeshifter) (D:13)
  35 wraiths
  11 fire dragon skeletons
  28 shadows
  5 wyverns
  24 ynoxinuls (Pan)
  111 redbacks
  13 spriggans (Lair:6)
  23 ushabtiu
  Eustachio (D:6)
  42 tarantellas
  19 water elementals
  30 yaks
  3 vampires (Crypt:3)
  2 humans
  5 ettin skeletons
  A black mamba skeleton (Geh:4)
  A basilisk (shapeshifter) (Vaults:5)
  A golden eye (Slime:5)
  5 hogs
  Grum (D:8)
  A basilisk (Lair:4)
  22 fire elementals
  A hog (shapeshifter) (Vaults:4)
  15 chaos spawn
  10 vampire mosquitoes
  17 neqoxecs
  A steam dragon (D:14)
  6 hungry ghosts
  A gelid demonspawn zombie (Tar:5)
  4 mottled dragons
  A soldier ant (D:13)
  7 wargs
  A faun zombie (Crypt:2)
  10 water moccasins
  A deep troll skeleton (Vaults:2)
  A gelid demonspawn skeleton (Crypt:2)
  A floating eye (Depths:2)
  59 hell hounds
  3 hydra simulacra
  13 spiny frog zombies
  67 orc warriors
  3 porcupines
  6 spiny frog skeletons
  A sky beast (shapeshifter) (Vaults:2)
  2 sky beasts
  4 swamp dragon zombies
  3 ettin simulacra (Depths:3)
  A fire dragon simulacrum (Coc:2)
  16 necrophages
  12 eyes of draining
  8 black bears
  2 phantoms
  8 ice beasts
  A manticore zombie (Tar:6)
  4 snapping turtle zombies
  2 alligator simulacra
  25 wolves
  14 boggarts
  67 ogres
  23 centaurs
  2 manticore skeletons
  9 crocodiles
  3 snapping turtle skeletons
  2 elf zombies (Elf:1)
  6 big kobolds
  Blork the orc (D:5)
  13 bullfrogs
  A spiny frog simulacrum (Crypt:1)
  A gnoll sergeant (D:6)
  A deep troll simulacrum (Vaults:2)
  2 earth elementals
  A wyvern skeleton (D:9)
  3 wyvern zombies
  A spriggan zombie (Dis:7)
  A water moccasin skeleton (D:10)
  2 scorpions
  A troll zombie (Geh:2)
  19 killer bees
  55 wights
  A vampire bat (D:2)
  2 electric eels (Spider:2)
  A howler monkey (D:5)
  8 crimson imps
  A quasit (Depths:3)
  5 jellies
  19 orc wizards
  Crazy Yiuf (D:3)
  5 gnoll shamans
  A black bear zombie (Crypt:2)
  4 hounds
  30 iron imps
  41 orc priests
  5 iguanas
  Terence (D:3)
  8 worker ants
  A killer bee zombie (D:8)
  2 tengu zombies
  2 naga zombies
  A naga skeleton (Crypt:1)
  2 hound skeletons
  67 mummies
  Robin (D:3)
  52 gnolls
  19 adders
  A swamp drake zombie (Crypt:1)
  19 shadow imps
  13 white imps
  11 oozes (Sewer)
  4 ufetubi
  A halfling skeleton (Crypt:2)
  A lava snake skeleton (Crypt:2)
  A worm (D:5)
  13 leopard geckos
  157 orcs
  11 bats
  4 bat skeletons (D:2)
  A bat zombie (D:2)
  17 giant cockroaches
  11 hobgoblins
  21 jackals
  4 quokkas
  9 ball pythons
  19 frilled lizards
  2 giant cockroach zombies
  17 goblins
  2 goblin zombies (D:7)
  3 hobgoblin zombies (Ossuary)
  29 kobolds
  4 kobold zombies
  2 leopard gecko zombies
  3 orc zombies (Ossuary)
  4 rats
  2 rat skeletons
  2 crawling corpses (Vaults:5)
  A fire vortex (Geh:7)
  2 tentacles
4678 creatures vanquished.

Vanquished Creatures (collateral kills)
  An ancient lich (Zot:5)
  A shard shrike (Zot:3)
  A lich (Geh:7)
  An Orb Guardian (Zot:5)
  2 balrugs (Pan)
  2 draconian scorchers (Zot:3)
  A black sun (Pan)
  A cacodemon (Pan)
  A reaper (Pan)
  2 red draconians (Zot:3)
  A white draconian (Zot:5)
  A great orb of eyes (Pan)
  A sun demon (Geh:7)
  A sixfirhy (Pan)
  A titan skeleton (Geh:7)
  A molten gargoyle (Geh:7)
  An orange demon (Zot:4)
  An ice devil (Coc:7)
  A catoblepas skeleton (Geh:7)
  5 red devils
  2 flying skulls (Geh:7)
  A ynoxinul (Pan)
  2 fire elementals (Geh:7)
  A large abomination (Pan)
  2 chaos spawn (Pan)
  A hell hound (Geh:7)
  A spriggan zombie (Geh:7)
  An ufetubus (Zot:4)
  3 fire vortices
41 creatures vanquished.

Vanquished Creatures (others)
  17 eldritch tentacles
  A fire giant (Depths:3)
  An elemental wellspring (Coc:7)
  2 stone giants
  A bennu (Tomb:2)
  A quicksilver dragon zombie (Tomb:2)
  A deep elf high priest (Elf:3)
  2 yaktaur captains
  2 centaur warriors
  4 death scarabs (Tomb:2)
  A deep elf knight (Vaults:4)
  A wizard (Pan)
  A skeletal warrior (Tomb:2)
  A harpy (Vaults:5)
  3 deep elf archers
  A deep elf mage (Vaults:1)
  A phantasmal warrior (Vaults:5)
  3 cyclopes
  A storm dragon simulacrum (Tomb:3)
  16 yaktaurs
  A wolf spider simulacrum (Tomb:3)
  3 slime creatures (Depths:3)
  9 flying skulls
  A yak (Lair:4)
  3 humans (Lair:4)
  4 slaves (D:8)
  A boggart (Depths:1)
  2 ogres
  7 centaurs
  3 wights
  2 orc priests
  A mummy (Tomb:2)
  4 white imps (IceCv)
  9 ufetubi (IceCv)
  2 ball lightnings (Pan)
  2 orcs
  A kobold (D:8)
  A fire vortex (Pan)
  3 fungi
  13 plants
  37 tentacles
  4 withered plants (Crypt:3)
174 creatures vanquished.

Grand Total: 4893 creatures vanquished

Notes
Turn   | Place    | Note
-------+----------+-------------------------------------------
     0 | D:1      | Xiguana the Vine Stalker Hunter began the quest for the Orb.
     0 | D:1      | Reached XP level 1. HP: 11/11 MP: 2/2
   125 | D:1      | Reached XP level 2. HP: 13/15 MP: 3/3
   287 | D:1      | Reached skill level 1 in Unarmed Combat
   390 | D:1      | Reached XP level 3. HP: 15/18 MP: 2/4
   645 | D:2      | Found a snail-covered altar of Cheibriados.
   645 | D:2      | Found a hide-covered altar of Uskayaw.
   709 | D:2      | Became a worshipper of Cheibriados the Contemplative
   991 | D:2      | Gained mutation: Your natural rate of healing is unusually fast. [Vine Stalker growth]
   991 | D:2      | Reached XP level 4. HP: 7/23 MP: 2/5
  1064 | D:2      | Found a faded altar of an unknown god.
  1116 | D:2      | Found an ancient bone altar of Kikubaaqudgha.
  1128 | D:2      | Reached * piety under Cheibriados
  1128 | D:2      | Reached skill level 2 in Unarmed Combat
  1130 | D:2      | Reached XP level 5. HP: 28/28 MP: 6/6
  1479 | D:3      | Reached skill level 1 in Invocations
  1534 | D:3      | Found a shadowy altar of Dithmenos.
  1535 | D:3      | Noticed Robin
  1561 | D:3      | Killed Robin
  1573 | D:3      | Reached ** piety under Cheibriados
  1690 | D:3      | Noticed Terence
  1698 | D:3      | Killed Terence
  1698 | D:3      | Reached XP level 6. HP: 32/33 MP: 7/7
  1858 | D:3      | Found a runed door.
  1862 | D:3      | Noticed Crazy Yiuf
  1866 | D:3      | Killed Crazy Yiuf
  1866 | D:3      | Reached skill level 3 in Unarmed Combat
  1930 | D:4      | Found a burning altar of Makhleb.
  1931 | D:4      | Found a shadowy altar of Dithmenos.
  1950 | D:4      | Found Gozag's Platinum Reserve.
  1971 | D:4      | Found an opulent altar of Gozag.
  2081 | D:4      | Found a glowing drain.
  2086 | Sewer    | Entered a sewer
  2144 | Sewer    | Reached *** piety under Cheibriados
  2237 | Sewer    | Reached XP level 7. HP: 38/38 MP: 9/9
  2317 | Sewer    | Reached **** piety under Cheibriados
  2390 | Sewer    | Reached skill level 4 in Unarmed Combat
  2868 | D:4      | Found an iron altar of Okawaru.
  2938 | D:5      | Entered Level 5 of the Dungeon
  3062 | D:5      | Reached ***** piety under Cheibriados
  3077 | D:5      | Noticed Blork the orc
  3086 | D:5      | Killed Blork the orc
  3125 | D:5      | Reached skill level 5 in Fighting
  3278 | D:5      | Gained mutation: You have razor-sharp teeth. [Vine Stalker growth]
  3278 | D:5      | Reached XP level 8. HP: 39/43 MP: 10/10
  3330 | D:5      | Reached skill level 5 in Unarmed Combat
  3704 | D:6      | Found Funapopi's Jewellery Boutique.
  3756 | D:6      | Found Batopsun's Food Shop.
  3813 | D:6      | Noticed Eustachio
  3823 | D:6      | Killed Eustachio
  3936 | D:6      | Reached skill level 6 in Unarmed Combat
  3944 | D:6      | Reached XP level 9. HP: 38/49 MP: 12/12
  3969 | D:6      | Noticed Prince Ribbit
  3980 | D:6      | Killed Prince Ribbit
  4253 | D:6      | Reached ****** piety under Cheibriados
  4500 | D:6      | Found Dokiffuq's Antique Armour Boutique.
  4644 | D:6      | Found Zieceety's General Store.
  4682 | D:6      | Bought a potion of might for 40 gold pieces
  4682 | D:6      | Bought a scroll of noise for 10 gold pieces
  4682 | D:6      | Bought a scroll of identify for 20 gold pieces
  4682 | D:6      | Bought a scroll of fear for 35 gold pieces
  4980 | D:7      | Found a staircase to the Ecumenical Temple.
  5045 | D:7      | Found a hazy altar of Hepliaklqana.
  5047 | D:7      | Found a sacrificial altar of Ru.
  5079 | D:7      | Found a sand-covered staircase.
  5089 | Ossuary  | Entered an ossuary
  5342 | D:7      | Reached skill level 1 in Shields
  5462 | D:7      | Found a basalt altar of Yredelemnul.
  5493 | D:7      | Reached skill level 7 in Unarmed Combat
  5566 | D:7      | Found a sparkling altar of Nemelex Xobeh.
  5841 | D:7      | Reached XP level 10. HP: 48/56 MP: 14/14
  5845 | D:7      | Reached skill level 5 in Invocations
  5848 | D:7      | Reached skill level 8 in Unarmed Combat
  5926 | D:6      | Bought the ring "Raicuguj" {rC+ rN+ MR+ Int+3 Dex+3} for 458 gold pieces
  6001 | D:8      | Found a staircase to the Lair.
  6012 | D:8      | Noticed Maurice
  6020 | D:8      | Killed Maurice
  6032 | D:8      | Noticed Pikel
  6040 | D:8      | Killed Pikel
  6265 | D:8      | Noticed Grum
  6281 | D:8      | Killed Grum
  6333 | D:8      | Noticed Gastronok
  6352 | D:8      | Killed Gastronok
  6352 | D:8      | Reached skill level 9 in Unarmed Combat
  6352 | D:8      | Reached XP level 11. HP: 62/62 MP: 16/16
  6379 | D:8      | Found a shattered altar of Ashenzari.
  6430 | D:8      | Noticed Joseph
  6437 | D:8      | Killed Joseph
  6498 | Lair:1   | Entered Level 1 of the Lair of Beasts
  6513 | Lair:1   | Noticed a four-headed hydra
  6526 | Lair:1   | Killed a four-headed hydra
  6565 | Lair:1   | Reached skill level 10 in Fighting
  6692 | Lair:1   | Reached skill level 10 in Unarmed Combat
  7784 | Lair:3   | Reached skill level 5 in Dodging
  7790 | Lair:3   | Gained mutation: You heal very quickly. [Vine Stalker growth]
  7790 | Lair:3   | Reached XP level 12. HP: 64/69 MP: 18/18
  8022 | Lair:3   | Noticed a six-headed hydra
  8030 | Lair:3   | Killed a six-headed hydra
  8475 | Lair:4   | Noticed Rupert
  8497 | Lair:4   | Killed Rupert
  8497 | Lair:4   | Reached skill level 11 in Unarmed Combat
  8541 | Lair:4   | Found a hole to the Spider Nest.
  8614 | Lair:4   | Noticed Harold
  8624 | Lair:4   | Killed Harold
  8687 | Lair:4   | Noticed Kirke
  8702 | Lair:4   | Killed Kirke
  8896 | Lair:4   | Found a staircase to the Shoals.
  8904 | Lair:4   | Found a sacrificial altar of Ru.
  9180 | Lair:5   | Reached skill level 13 in Unarmed Combat
  9180 | Lair:5   | Reached XP level 13. HP: 74/74 MP: 20/20
  9181 | Lair:5   | Reached skill level 14 in Unarmed Combat
  9181 | Lair:5   | Reached XP level 14. HP: 79/79 MP: 21/21
  9182 | Lair:5   | Reached skill level 16 in Unarmed Combat
  9182 | Lair:5   | Reached XP level 15. HP: 84/84 MP: 22/22
  9617 | Lair:6   | Entered Level 6 of the Lair of Beasts
  9730 | Lair:6   | Reached XP level 16. HP: 81/88 MP: 23/23
  9870 | Lair:6   | Noticed Nessos
  9877 | Lair:6   | Killed Nessos
 10036 | Lair:6   | Found a viscous altar of Jiyva.
 10037 | Lair:6   | Found a staircase to the Slime Pits.
 10062 | Lair:6   | Noticed Snorg
 10068 | Lair:6   | Killed Snorg
 10315 | Lair:6   | Got a heavily runed marble ring
 10325 | Lair:6   | Identified the ring "Cedepajeu" {+Inv rF+ Stlth-} (You found it on level 6 of the Lair of Beasts)
 10330 | Lair:6   | Learned a level 1 spell: Apportation
 10332 | Lair:6   | Learned a level 1 spell: Summon Butterflies
 10336 | Lair:6   | Learned a level 3 spell: Lesser Beckoning
 10343 | Lair:6   | Learned a level 6 spell: Statue Form
 10370 | Lair:6   | Reached skill level 1 in Earth Magic
 10387 | Lair:6   | Reached skill level 1 in Transmutations
 10641 | Lair:6   | Reached skill level 1 in Spellcasting
 10711 | Shoals:1 | Entered Level 1 of the Shoals
 10751 | Shoals:1 | Got a translucent chain mail
 10762 | Shoals:1 | Identified the +0 chain mail "Ocuppeor" {Dex+4} (You found it on level 1 of the Shoals)
 11537 | Shoals:2 | Reached skill level 5 in Transmutations
 11586 | Shoals:2 | Noticed Jorgrun
 11591 | Shoals:2 | Reached skill level 5 in Earth Magic
 11597 | Shoals:2 | Killed Jorgrun
 11821 | Shoals:3 | Noticed a kraken
 11982 | Shoals:3 | Reached XP level 17. HP: 27/94 MP: 18/25
 12036 | Shoals:4 | Entered Level 4 of the Shoals
 12184 | Shoals:4 | Got a twitching ivory ring
 12186 | Shoals:4 | Identified the cursed ring of Ynentag {AC-3 Str+4} (You found it on level 4 of the Shoals)
 12216 | Shoals:4 | Noticed a kraken
 12319 | Shoals:3 | Reached skill level 5 in Spellcasting
 12537 | Shoals:3 | Noticed chimenez's ghost (adept MiFi)
 13308 | Shoals:4 | Noticed Ilsuiw
 13511 | Shoals:4 | Got a barnacled rune of Zot
 13583 | Shoals:3 | Killed chimenez's ghost
 13647 | Spider:1 | Entered Level 1 of the Spider Nest
 13676 | Spider:1 | Reached skill level 10 in Transmutations
 13676 | Spider:1 | Reached skill level 10 in Earth Magic
 13729 | Spider:1 | Noticed Ezendos's ghost (adept HuGl)
 13741 | Spider:1 | Reached XP level 18. HP: 79/98 MP: 23/29
 13744 | Spider:1 | Killed Ezendos's ghost
 15947 | Spider:4 | Entered Level 4 of the Spider Nest
 15955 | Spider:4 | Noticed Xiguana's ghost (adept VSHu)
 15963 | Spider:4 | Killed Xiguana's ghost
 15971 | Spider:4 | Reached skill level 1 in Translocations
 16104 | Spider:4 | Reached skill level 17 in Unarmed Combat
 16125 | Spider:4 | Noticed Arachne
 16134 | Spider:4 | Killed Arachne
 16199 | Spider:4 | HP: 4/99 [something (14)]
 16361 | Spider:4 | Learned a level 2 spell: Blink
 16364 | Spider:4 | Learned a level 2 spell: Repel Missiles
 16377 | Spider:4 | Reached XP level 19. HP: 103/103 MP: 32/32
 16495 | Spider:4 | Got a gossamer rune of Zot
 16777 | Slime:1  | Entered Level 1 of the Pits of Slime
 16957 | D:9      | Noticed Xiguana's ghost (novice VSHu)
 16962 | D:9      | Killed Xiguana's ghost
 17828 | D:10     | Entered Level 10 of the Dungeon
 17911 | D:10     | Found Nogrun's Antique Armour Boutique.
 17950 | D:10     | Found Uvisyate's Weapon Emporium.
 17999 | D:10     | Found Yjutey's Assorted Antiques.
 18005 | D:10     | Bought a scroll of fog for 42 gold pieces
 18005 | D:10     | Bought a scroll of identify for 42 gold pieces
 18005 | D:10     | Bought a thick ruby amulet for 105 gold pieces
 18260 | D:10     | Found a staircase to the Orcish Mines.
 18476 | Orc:1    | Entered Level 1 of the Orcish Mines
 18495 | Orc:1    | Found a roughly hewn altar of Beogh.
 18528 | Orc:2    | Entered Level 2 of the Orcish Mines
 18733 | Orc:2    | Found a roughly hewn altar of Beogh.
 18820 | Orc:2    | Found Misch's Magic Scroll Boutique.
 18827 | Orc:2    | Bought a scroll of identify for 22 gold pieces
 18827 | Orc:2    | Bought a scroll of teleportation for 33 gold pieces
 18846 | Orc:2    | Bought a scroll of remove curse for 33 gold pieces
 18854 | Orc:2    | Found Ficvyvezorgh's Gadget Shop.
 19121 | Orc:2    | Reached skill level 10 in Invocations
 19170 | Orc:2    | Found a staircase to the Elven Halls.
 19364 | Orc:2    | Found Zynoul's Distillery.
 19373 | Orc:2    | Bought a potion of agility for 60 gold pieces
 19373 | Orc:2    | Bought a potion of cancellation for 120 gold pieces
 19373 | Orc:2    | Bought a potion of brilliance for 60 gold pieces
 19416 | Orc:2    | Found a roughly hewn altar of Beogh.
 19484 | Orc:2    | Found Uwnuugua's Weapon Boutique.
 20050 | Orc:1    | Found a roughly hewn altar of Beogh.
 20317 | Elf:1    | Entered Level 1 of the Elven Halls
 20327 | Elf:1    | Gained mutation: You occasionally shout uncontrollably at your foes. [a neqoxec]
 20441 | Elf:1    | Found Quwn's General Store.
 20460 | Elf:1    | Bought a throwing net for 48 gold pieces
 20460 | Elf:1    | Bought a potion of flight for 48 gold pieces
 20530 | Elf:1    | Found Innorogh's Jewellery Boutique.
 20856 | Elf:1    | Identified Ocijiass's Reference Book on Dark Arts
 20863 | Elf:1    | Learned a level 4 spell: Control Undead
 21031 | Elf:2    | Found Apnuricveg's Distillery.
 21059 | Elf:2    | Bought a potion of invisibility for 144 gold pieces
 21059 | Elf:2    | Bought a potion of flight for 54 gold pieces
 21059 | Elf:2    | Bought a potion of agility for 72 gold pieces
 21059 | Elf:2    | Bought a potion of resistance for 180 gold pieces
 21059 | Elf:2    | Bought a potion of brilliance for 72 gold pieces
 21299 | Elf:2    | Reached XP level 20. HP: 88/109 MP: 34/34
 21350 | Elf:2    | Found a huge runed gate.
 21350 | Elf:2    | Found a huge runed gate.
 21350 | Elf:2    | Found a huge runed gate.
 21350 | Elf:2    | Found a huge runed gate.
 21353 | Elf:2    | Found a huge runed gate.
 21665 | Elf:3    | Entered Level 3 of the Elven Halls
 21677 | Elf:3    | Noticed Erymatos's ghost (adept MiBe)
 21680 | Elf:3    | Killed Erymatos's ghost
 21803 | Elf:3    | Found a frozen archway.
 21810 | IceCv    | Entered an ice cave
 21910 | IceCv    | Reached skill level 18 in Unarmed Combat
 21995 | IceCv    | Got a pair of shimmering gloves
 22025 | IceCv    | Identified the +0 pair of gloves of the Swan {rF+} (You found it in an ice cave)
 22343 | Elf:3    | Noticed a Tzitzimitl
 22529 | Elf:3    | Noticed Erymatos's ghost (adept MiBe)
 22540 | Elf:3    | Killed Erymatos's ghost
 22609 | Elf:3    | Reached skill level 5 in Translocations
 22656 | Elf:3    | Reached skill level 10 in Spellcasting
 22912 | Elf:3    | Learned a level 3 spell: Regeneration
 22944 | Elf:3    | Learned a level 5 spell: Irradiate
 23902 | D:12     | Noticed Frances
 23906 | D:12     | Killed Frances
 23912 | D:12     | Noticed Azrael
 23917 | D:12     | Noticed Fannar
 23917 | D:12     | Killed Azrael
 23923 | D:12     | Reached XP level 21. HP: 116/116 MP: 36/36
 23928 | D:12     | Killed Fannar
 24050 | D:12     | Reached skill level 5 in Shields
 24924 | D:13     | Found a gate to the Vaults.
 24937 | Vaults:1 | Entered Level 1 of the Vaults
 25111 | Vaults:1 | Found a burning altar of Makhleb.
 25144 | Vaults:1 | Found Oraplih's Antique Weapon Boutique.
 25217 | Vaults:1 | Noticed Aizul
 25225 | Vaults:1 | Killed Aizul
 25270 | Vaults:1 | Found a gateway to a bazaar.
 25798 | Bazaar   | Entered a bazaar
 25812 | Bazaar   | Found Pewiu's Jewellery Shoppe.
 25812 | Bazaar   | Found Hoblowac's Book Emporium.
 25835 | Bazaar   | Found Owaemig's Antique Armour Emporium.
 25907 | Bazaar   | Bought a book of Summonings for 420 gold pieces
 25907 | Bazaar   | Bought a book of Burglary for 450 gold pieces
 25913 | Bazaar   | Learned a level 5 spell: Aura of Abjuration
 25916 | Bazaar   | Learned a level 2 spell: Passwall
 25921 | Bazaar   | Learned a level 4 spell: Passage of Golubria
 26466 | Vaults:2 | Reached skill level 10 in Shields
 26945 | Vaults:2 | Reached XP level 22. HP: 121/121 MP: 37/37
 27087 | Vaults:3 | Found a staircase to the Crypt.
 27833 | Vaults:3 | Reached skill level 15 in Shields
 28282 | Vaults:4 | Reached skill level 5 in Stealth
 28585 | Vaults:4 | Noticed Mara
 28590 | Vaults:4 | Killed Mara
 28590 | Vaults:4 | Reached XP level 23. HP: 126/126 MP: 38/38
 28679 | Vaults:4 | Reached skill level 10 in Stealth
 29232 | Vaults:5 | Entered Level 5 of the Vaults
 29361 | Vaults:4 | Reached skill level 15 in Stealth
 29433 | Vaults:5 | Noticed a golden dragon
 29437 | Vaults:5 | Killed a golden dragon
 29482 | Vaults:5 | Reached XP level 24. HP: 43/130 MP: 37/38
 29552 | Vaults:5 | Noticed an ancient lich
 29553 | Vaults:5 | Killed an ancient lich
 29622 | Vaults:5 | Identified the Catalogue of Aerial Attacks
 29639 | Vaults:5 | Learned a level 5 spell: Lee's Rapid Deconstruction
 29861 | Vaults:5 | Got a silver rune of Zot
 30041 | Vaults:5 | Got a scorched silver ring
 30054 | Vaults:5 | Identified the ring of Nomumed {+Fly Str-5 Int+4} (You took it off a deep elf death mage on level 5 of the Vaults)
 30766 | Crypt:1  | Entered Level 1 of the Crypt
 30772 | Crypt:1  | Reached XP level 25. HP: 135/135 MP: 38/38
 31472 | Crypt:1  | Reached skill level 1 in Charms
 31475 | Crypt:1  | Reached skill level 1 in Summonings
 31500 | Crypt:2  | Noticed Xtahua
 31503 | Crypt:2  | Killed Xtahua
 31548 | Crypt:2  | Reached skill level 15 in Fighting
 31624 | Crypt:2  | Reached skill level 19 in Unarmed Combat
 32172 | Crypt:3  | Entered Level 3 of the Crypt
 32661 | Crypt:3  | Found a staircase to the Tomb.
 33085 | Crypt:3  | Found an ancient bone altar of Kikubaaqudgha.
 33098 | Crypt:3  | Noticed an ancient lich
 33104 | Crypt:3  | Killed an ancient lich
 33124 | Crypt:3  | Noticed an ancient lich
 33129 | Crypt:3  | Killed an ancient lich
 33314 | Tomb:1   | Entered Level 1 of the Tomb of the Ancients
 33328 | Tomb:1   | Identified the ring "Vouzipn" {rPois Int+5} (You found it on level 1 of the Tomb of the Ancients)
 33407 | Tomb:1   | Reached XP level 26. HP: 142/142 MP: 39/39
 33527 | Tomb:1   | Noticed a greater mummy
 33536 | Tomb:1   | Killed a greater mummy
 33627 | Tomb:1   | Reached skill level 5 in Charms
 33651 | Tomb:1   | Noticed a greater mummy
 33657 | Tomb:1   | Killed a greater mummy
 33657 | Tomb:1   | Reached skill level 5 in Summonings
 33948 | Tomb:2   | Noticed a greater mummy
 33948 | Tomb:2   | Noticed a greater mummy
 33948 | Tomb:2   | Noticed a greater mummy
 33948 | Tomb:2   | Noticed an ancient lich
 33949 | Tomb:2   | Reached skill level 20 in Unarmed Combat
 33990 | Tomb:1   | Killed an ancient lich
 34051 | Tomb:1   | Killed a greater mummy
 34056 | Tomb:1   | Killed a greater mummy
 34080 | Tomb:2   | Killed a greater mummy
 34102 | Tomb:2   | Reached skill level 10 in Dodging
 34396 | Tomb:1   | Noticed a greater mummy
 34397 | Tomb:1   | Noticed a greater mummy
 34400 | Tomb:1   | Killed a greater mummy
 34401 | Tomb:1   | Noticed a greater mummy
 34404 | Tomb:1   | Killed a greater mummy
 34410 | Tomb:1   | Killed a greater mummy
 34414 | Tomb:1   | Noticed a greater mummy
 34418 | Tomb:1   | Killed a greater mummy
 34435 | Tomb:1   | Noticed a greater mummy
 34443 | Tomb:1   | Killed a greater mummy
 34469 | Tomb:1   | Noticed a greater mummy
 34474 | Tomb:1   | Noticed a greater mummy
 34481 | Tomb:1   | Killed a greater mummy
 34484 | Tomb:1   | Killed a greater mummy
 34508 | Tomb:1   | Noticed a greater mummy
 34512 | Tomb:1   | Killed a greater mummy
 34533 | Tomb:1   | Noticed a greater mummy
 34535 | Tomb:1   | Killed a greater mummy
 34535 | Tomb:1   | Reached XP level 27. HP: 149/149 MP: 40/40
 34538 | Tomb:1   | Noticed a greater mummy
 34546 | Tomb:1   | Killed a greater mummy
 34568 | Tomb:1   | Noticed a greater mummy
 34568 | Tomb:1   | Noticed a greater mummy
 34571 | Tomb:1   | Killed a greater mummy
 34576 | Tomb:1   | Noticed a greater mummy
 34577 | Tomb:1   | Killed a greater mummy
 34580 | Tomb:1   | Killed a greater mummy
 34582 | Tomb:1   | Noticed a greater mummy
 34587 | Tomb:1   | Killed a greater mummy
 34599 | Tomb:1   | Noticed a greater mummy
 34605 | Tomb:1   | Killed a greater mummy
 34617 | Tomb:1   | Noticed a greater mummy
 34618 | Tomb:1   | Noticed a greater mummy
 34622 | Tomb:1   | Killed a greater mummy
 34624 | Tomb:1   | Noticed a greater mummy
 34629 | Tomb:1   | Killed a greater mummy
 34634 | Tomb:1   | Killed a greater mummy
 34763 | Tomb:3   | Entered Level 3 of the Tomb of the Ancients
 34800 | Tomb:3   | Noticed a greater mummy
 34800 | Tomb:3   | Noticed a greater mummy
 34802 | Tomb:3   | Noticed a greater mummy
 34802 | Tomb:3   | Noticed a greater mummy
 34803 | Tomb:3   | Cast into level 2 of the Abyss (reaper)
 34803 | Abyss:2  | Found a corrupted altar of Lugonu.
 34980 | Abyss:3  | Found a corrupted altar of Lugonu.
 35027 | Abyss:3  | Found a glowing golden altar of the Shining One.
 35036 | Abyss:3  | Reached skill level 21 in Unarmed Combat
 35062 | Abyss:3  | Noticed a juggernaut
 35064 | Abyss:3  | Got an abyssal rune of Zot
 35073 | Abyss:3  | Killed a juggernaut
 35079 | Abyss:3  | Found a glowing golden altar of the Shining One.
 35165 | Tomb:3   | Escaped the Abyss
 35165 | Tomb:3   | Noticed a greater mummy
 35166 | Tomb:3   | Noticed a greater mummy
 35173 | Tomb:2   | Killed a greater mummy
 35192 | Tomb:3   | Noticed a greater mummy
 35202 | Tomb:2   | Killed a greater mummy
 35218 | Tomb:3   | Noticed an ancient lich
 35223 | Tomb:2   | Killed a greater mummy
 35253 | Tomb:3   | Noticed a greater mummy
 35259 | Tomb:2   | Killed a greater mummy
 35286 | Tomb:3   | Killed an ancient lich
 35327 | Tomb:2   | Killed a greater mummy
 35368 | Tomb:3   | Killed a greater mummy
 35412 | Tomb:3   | Killed a greater mummy
 35416 | Tomb:3   | Killed a greater mummy
 35501 | Tomb:3   | Identified the ring of Xotyl Gom {Int+6 Dex+4 Slay+2} (You found it on level 3 of the Tomb of the Ancients)
 35522 | Tomb:3   | Learned a level 7 spell: Malign Gateway
 35645 | Tomb:3   | Got a golden rune of Zot
 36822 | Slime:5  | Entered Level 5 of the Pits of Slime
 36828 | Slime:5  | Noticed beardedkeet's ghost (veteran MiBe)
 36861 | Slime:5  | Killed beardedkeet's ghost
 36899 | Slime:5  | Found a viscous altar of Jiyva.
 36913 | Slime:5  | Noticed the Royal Jelly
 36952 | Slime:5  | Killed the Royal Jelly
 36972 | Slime:5  | Identified the ring of the Madman {Ice +Inv Slay+5} (You found it on level 5 of the Pits of Slime)
 36973 | Slime:5  | Got a slimy rune of Zot
 37000 | Slime:5  | Identified Yrozxos's Reference Book on Boosting Stolen Souls
 37003 | Slime:5  | Identified the ring "Akajudd" {Int+3 Dex+5 SInv} (You found it on level 5 of the Pits of Slime)
 37014 | Slime:5  | Identified the ring "Hotte" {rPois Str+2} (You found it on level 5 of the Pits of Slime)
 38059 | D:14     | Noticed Urug
 38064 | D:14     | Killed Urug
 38244 | D:15     | Entered Level 15 of the Dungeon
 38378 | D:15     | Found Vodoesm's Antique Weapon Boutique.
 38761 | D:15     | Reached skill level 22 in Unarmed Combat
 38850 | D:15     | Found a staircase to the Depths.
 38970 | Depths:1 | Entered Level 1 of the Depths
 39038 | Depths:1 | Noticed Sojobo
 39045 | Depths:1 | Killed Sojobo
 39176 | Depths:1 | Reached skill level 10 in Summonings
 39222 | Depths:1 | Found a runed door.
 39231 | Depths:1 | Noticed a juggernaut
 39234 | Depths:1 | Killed a juggernaut
 39588 | Depths:1 | Noticed Saint Roka
 39599 | Depths:1 | Killed Saint Roka
 39895 | Depths:1 | Found a gateway to Hell.
 40255 | Hell     | Entered the Vestibule of Hell
 40255 | Hell     | Noticed Geryon
 40262 | Hell     | Killed Geryon
 40268 | Hell     | Reached skill level 10 in Translocations
 40309 | Hell     | Found a gateway to the freezing wastes of Cocytus.
 40359 | Coc:1    | Entered Level 1 of Cocytus
 40359 | Coc:1    | Found a gateway to Hell.
 40419 | Coc:2    | Found a gateway to Hell.
 40519 | Coc:2    | Found a gateway to Hell.
 40562 | Coc:2    | Found a gateway to Hell.
 40614 | Coc:3    | Found a gateway to Hell.
 40648 | Coc:4    | Found a gateway to Hell.
 40649 | Coc:4    | Found a gateway to Hell.
 40668 | Coc:4    | Found a gateway to Hell.
 40688 | Coc:5    | Found a gateway to Hell.
 40712 | Coc:6    | Found a gateway to Hell.
 40747 | Coc:7    | Entered Level 7 of Cocytus
 40747 | Coc:7    | Found a gateway to Hell.
 40747 | Coc:7    | Found a gateway to Hell.
 40747 | Coc:7    | Found a gateway to Hell.
 40953 | Coc:7    | Reached skill level 23 in Unarmed Combat
 40964 | Coc:7    | Reached skill level 15 in Spellcasting
 41138 | Coc:7    | Noticed Antaeus
 41151 | Coc:7    | Killed Antaeus
 41182 | Coc:7    | Identified the Tome of Flying Evil Rites
 41204 | Coc:7    | Got an icy rune of Zot
 41332 | Hell     | Found a gateway to the Iron City of Dis.
 41355 | Dis:1    | Entered Level 1 of the Iron City of Dis
 41355 | Dis:1    | Found a gateway to Hell.
 41391 | Dis:2    | Found a gateway to Hell.
 41397 | Dis:2    | Found a gateway to Hell.
 41471 | Dis:3    | Found a gateway to Hell.
 41606 | Dis:3    | Found a gateway to Hell.
 41613 | Dis:4    | Found a gateway to Hell.
 41620 | Dis:5    | Found a gateway to Hell.
 41642 | Dis:5    | Found a gateway to Hell.
 41790 | Dis:6    | Found a gateway to Hell.
 41800 | Dis:7    | Entered Level 7 of the Iron City of Dis
 41800 | Dis:7    | Found a gateway to Hell.
 42153 | Dis:7    | Reached skill level 24 in Unarmed Combat
 42178 | Dis:7    | Identified the Grimoire of Creation
 42179 | Dis:7    | Identified the Catalogue of Dislocation and Augmentations
 42180 | Dis:7    | Identified the amulet "Lodiose" {Inacc rN+ Int+4 Dex-4} (You found it on level 7 of the Iron City of Dis)
 42181 | Dis:7    | Identified the ring of Ododda {+Fly rC++ MR+ Str+3 Stlth-} (You found it on level 7 of the Iron City of Dis)
 42373 | Dis:7    | Found a gateway to Hell.
 42576 | Dis:7    | Reached skill level 25 in Unarmed Combat
 42605 | Dis:7    | Noticed the Serpent of Hell
 42617 | Dis:7    | Gained mutation: Your spells are a little easier to cast, but a little less powerful. [a cacodemon]
 42628 | Dis:7    | Killed the Serpent of Hell
 42693 | Dis:7    | Noticed Dispater
 42709 | Dis:7    | Killed Dispater
 42723 | Dis:7    | Got an iron rune of Zot
 42794 | Dis:7    | Reached skill level 26 in Unarmed Combat
 42983 | Hell     | Found a gateway to the ashen valley of Gehenna.
 42989 | Geh:1    | Entered Level 1 of Gehenna
 42989 | Geh:1    | Found a gateway to Hell.
 43020 | Geh:2    | Found a gateway to Hell.
 43061 | Geh:3    | Found a gateway to Hell.
 43233 | Geh:3    | Found a gateway to Hell.
 43286 | Geh:3    | Found a gateway to Hell.
 43315 | Geh:4    | Found a gateway to Hell.
 43315 | Geh:4    | Found a gateway to Hell.
 43416 | Geh:4    | Reached skill level 27 in Unarmed Combat
 43483 | Geh:4    | Found a gateway to Hell.
 43540 | Geh:5    | Found a gateway to Hell.
 43544 | Geh:6    | Found a gateway to Hell.
 43578 | Geh:7    | Entered Level 7 of Gehenna
 43578 | Geh:7    | Found a gateway to Hell.
 43972 | Geh:7    | Identified the ring of Kaatiq {-Tele rPois Int+2 Slay+5 Stlth-} (You found it on level 7 of Gehenna)
 44028 | Geh:7    | Noticed Asmodeus
 44032 | Geh:7    | Killed Asmodeus
 44056 | Geh:7    | Identified Hiuskav's Papyrus of Transmigration
 44057 | Geh:7    | Identified the amulet of the Sky {Harm *Drain rF+ MR- Str+4} (You found it on level 7 of Gehenna)
 44065 | Geh:7    | Got an obsidian rune of Zot
 44357 | Hell     | Found a gateway to the decaying netherworld of Tartarus.
 44380 | Tar:1    | Entered Level 1 of Tartarus
 44380 | Tar:1    | Found a gateway to Hell.
 44509 | Tar:2    | Found a gateway to Hell.
 44509 | Tar:2    | Found a huge runed gate.
 44511 | Tar:2    | Found a huge runed gate.
 44511 | Tar:2    | Found a huge runed gate.
 44512 | Tar:2    | Found a huge runed gate.
 44518 | Tar:2    | Found a huge runed gate.
 44520 | Tar:2    | Found a huge runed gate.
 44521 | Tar:2    | Found a huge runed gate.
 44526 | Tar:2    | Found a gateway to Hell.
 44564 | Tar:3    | Found a gateway to Hell.
 44642 | Tar:4    | Found a gateway to Hell.
 44642 | Tar:4    | Found a gateway to Hell.
 44651 | Tar:4    | Gained mutation: You sometimes yell uncontrollably at your foes. [mutagenic glow]
 44684 | Tar:5    | Found a gateway to Hell.
 44759 | Tar:5    | Found a gateway to Hell.
 44821 | Tar:5    | Reached skill level 15 in Summonings
 44849 | Tar:6    | Found a gateway to Hell.
 44849 | Tar:6    | Found a gateway to Hell.
 45023 | Tar:7    | Entered Level 7 of Tartarus
 45023 | Tar:7    | Found a gateway to Hell.
 45123 | Tar:7    | Reached skill level 15 in Translocations
 45466 | Tar:7    | Noticed Ereshkigal
 45530 | Tar:7    | Killed Ereshkigal
 45558 | Tar:7    | Identified the Compendium of Shifting Bewitchment
 45570 | Tar:7    | Learned a level 8 spell: Controlled Blink
 45570 | Tar:7    | Identified the ring "Hihostrext" {rPois MR+ EV+1} (You found it on level 7 of Tartarus)
 45572 | Tar:7    | Got a bone rune of Zot
 45841 | Depths:2 | Noticed Asterion
 45845 | Depths:2 | Killed Asterion
 45858 | Depths:2 | Paralysed by a floating eye for 3 turns
 45870 | Depths:2 | Found Vaom's Assorted Antiques.
 45873 | Depths:2 | Bought a wavering wooden ring for 210 gold pieces
 45873 | Depths:2 | Identified the ring "Kumougae" {rPois Int+4 SInv Stlth+} (You bought it in a shop on level 2 of the Depths)
 45886 | Depths:2 | Found Zojaehes's Antique Weapon Shop.
 45906 | Depths:2 | Found Bigilich's Weapon Boutique.
 45967 | Depths:2 | Found Himur's Antique Weapon Shoppe.
 46207 | Depths:2 | Found Foeti's Antique Armour Shop.
 46280 | Depths:3 | Noticed Margery
 46295 | Depths:3 | Killed Margery
 46302 | Depths:3 | Noticed Frederick
 46306 | Depths:3 | Killed Frederick
 46558 | Depths:3 | Noticed Jory
 46565 | Depths:3 | Killed Jory
 46761 | Depths:3 | Found a one-way gate leading to the halls of Pandemonium.
 46779 | Pan      | Entered Pandemonium
 46915 | Pan      | Noticed Uhodouf the pandemonium lord
 46921 | Pan      | Killed Uhodouf the pandemonium lord
 46970 | Pan      | Found a runed door.
 47318 | Pan      | Noticed Xeaw the pandemonium lord
 47323 | Pan      | Killed Xeaw the pandemonium lord
 47344 | Pan      | Found an exit through the horrors of the Abyss.
 47559 | Pan      | Found an exit through the horrors of the Abyss.
 47670 | Pan      | Noticed Dinlor the pandemonium lord
 47687 | Pan      | Killed Dinlor the pandemonium lord
 47732 | Pan      | Entered the realm of Gloorx Vloq.
 47734 | Pan      | Noticed Gloorx Vloq
 47842 | Pan      | Killed Gloorx Vloq
 47849 | Pan      | Got a dark rune of Zot
 47876 | Pan      | Found an exit through the horrors of the Abyss.
 47902 | Pan      | Noticed Qeneh the pandemonium lord
 47963 | Pan      | Found an exit through the horrors of the Abyss.
 48011 | Pan      | Killed Qeneh the pandemonium lord
 48176 | Pan      | Gained mutation: Your body sometimes deteriorates upon taking damage. [a neqoxec]
 48314 | Pan      | Noticed Murgh the pandemonium lord
 48322 | Pan      | Killed Murgh the pandemonium lord
 48546 | Pan      | Noticed Vehumm the pandemonium lord
 48551 | Pan      | Killed Vehumm the pandemonium lord
 48664 | Pan      | Noticed Umeps the pandemonium lord
 48675 | Pan      | Killed Umeps the pandemonium lord
 48730 | Pan      | Got a demonic rune of Zot
 48977 | Pan      | Noticed Mennas
 49001 | Pan      | Killed Mennas
 49077 | Pan      | Entered the realm of Mnoleg.
 49130 | Pan      | Gained mutation: You are partially covered in large bone plates. (SH +4) [a neqoxec]
 49151 | Pan      | Gained mutation: Armour fits poorly on your strangely shaped body. [a neqoxec]
 49157 | Pan      | Gained mutation: You tend to lose your temper in combat. [a shining eye]
 49172 | Pan      | Noticed Mnoleg
 49182 | Pan      | Gained mutation: Your body often deteriorates upon taking damage. [Mnoleg's mutagenic touch]
 49189 | Pan      | Killed Mnoleg
 49195 | Pan      | Gained mutation: You are weak. (Str -2) [a cacodemon]
 49221 | Pan      | Got a glowing rune of Zot
 49307 | Pan      | Found an exit through the horrors of the Abyss.
 49310 | Pan      | Gained mutation: You are dopey. (Int -2) [a cacodemon]
 49330 | Pan      | Noticed Ycixkeax the pandemonium lord
 49372 | Pan      | Killed Ycixkeax the pandemonium lord
 49423 | Pan      | Gained mutation: You are frail. (-10% HP) [a cacodemon]
 49492 | Pan      | Entered the realm of Lom Lobon.
 49600 | Pan      | Lost mutation: You are weak. (Str -2) [potion of cure mutation]
 49600 | Pan      | Lost mutation: Armour fits poorly on your strangely shaped body. [potion of cure mutation]
 49600 | Pan      | Lost mutation: You are frail. (-10% HP) [potion of cure mutation]
 49600 | Pan      | Lost mutation: Your body often deteriorates upon taking damage. [potion of cure mutation]
 49691 | Pan      | Noticed Lom Lobon
 49705 | Pan      | Killed Lom Lobon
 49742 | Pan      | Got a magical rune of Zot
 49749 | Pan      | Found an exit through the horrors of the Abyss.
 49830 | Depths:3 | Escaped Pandemonium
 49832 | Pan      | Entered Pandemonium
 49843 | Pan      | Entered the realm of Cerebov.
 49934 | Pan      | Lost mutation: Your body sometimes deteriorates upon taking damage. [potion of cure mutation]
 49934 | Pan      | Lost mutation: You are partially covered in large bone plates. (SH +4) [potion of cure mutation]
 49934 | Pan      | Lost mutation: You sometimes yell uncontrollably at your foes. [potion of cure mutation]
 49934 | Pan      | Lost mutation: You tend to lose your temper in combat. [potion of cure mutation]
 49934 | Pan      | Lost mutation: You occasionally shout uncontrollably at your foes. [potion of cure mutation]
 49992 | Pan      | Noticed Cerebov
 50002 | Pan      | Killed Cerebov
 50016 | Pan      | Got a fiery rune of Zot
 50069 | Pan      | Found an exit through the horrors of the Abyss.
 50075 | Pan      | Took an exit into the Abyss.
 50075 | Abyss:1  | Escaped into the Abyss
 50081 | Depths:3 | Escaped the Abyss
 50164 | Depths:5 | Entered Level 5 of the Depths
 50172 | Depths:5 | Noticed a juggernaut
 50175 | Depths:5 | Killed a juggernaut
 50245 | Depths:5 | Found a gate to the Realm of Zot.
 50271 | Zot:1    | Entered Level 1 of the Realm of Zot
 50350 | Zot:3    | Noticed an orb of fire
 50353 | Zot:3    | Gained mutation: Your magical capacity is low. (-10% MP) [an orb of fire]
 50357 | Zot:3    | Killed an orb of fire
 50422 | Zot:4    | Noticed an orb of fire
 50428 | Zot:4    | Gained mutation: You are frail. (-10% HP) [an orb of fire]
 50431 | Zot:4    | Killed an orb of fire
 50612 | Zot:5    | Entered Level 5 of the Realm of Zot
 50670 | Zot:5    | Noticed an ancient lich
 50673 | Zot:5    | Noticed an ancient lich
 50675 | Zot:5    | Killed an ancient lich
 50678 | Zot:5    | Killed an ancient lich
 50681 | Zot:5    | Noticed an orb of fire
 50684 | Zot:5    | Killed an orb of fire
 50688 | Zot:5    | Noticed an ancient lich
 50691 | Zot:5    | Killed an ancient lich
 50699 | Zot:5    | Noticed an orb of fire
 50699 | Zot:5    | Gained mutation: You tend to lose your temper in combat. [an orb of fire]
 50700 | Zot:5    | Gained mutation: You are weak. (Str -2) [an orb of fire]
 50701 | Zot:5    | Noticed an orb of fire
 50701 | Zot:5    | Gained mutation: Your body sometimes deteriorates upon taking damage. [an orb of fire]
 50704 | Zot:5    | Noticed an orb of fire
 50705 | Zot:5    | Killed an orb of fire
 50706 | Zot:5    | Gained mutation: Your body often deteriorates upon taking damage. [an orb of fire]
 50712 | Zot:5    | Killed an orb of fire
 50712 | Zot:5    | Gained mutation: You occasionally shout uncontrollably at your foes. [an orb of fire]
 50715 | Zot:5    | Killed an orb of fire
 50716 | Zot:5    | Noticed an orb of fire
 50727 | Zot:5    | Noticed an ancient lich
 50734 | Zot:5    | Killed an ancient lich
 50747 | Zot:5    | Killed an orb of fire
 50763 | Zot:5    | Noticed an orb of fire
 50765 | Zot:5    | Got the Orb of Zot
 50768 | Zot:5    | Lost mutation: You occasionally shout uncontrollably at your foes. [an orb of fire]
 50769 | Zot:5    | Gained mutation: Your magical capacity is very low. (-20% MP) [an orb of fire]
 50797 | Zot:4    | Gained mutation: You are clumsy. (Dex -2) [a cacodemon]
 50812 | Zot:4    | Noticed Vyplasomo the pandemonium lord
 50818 | Zot:4    | Killed Vyplasomo the pandemonium lord
 50927 | Zot:3    | Noticed Opiduf the pandemonium lord
 50960 | Zot:1    | Lost mutation: You are weak. (Str -2) [potion of cure mutation]
 50960 | Zot:1    | Lost mutation: You are dopey. (Int -2) [potion of cure mutation]
 50960 | Zot:1    | Lost mutation: Your body often deteriorates upon taking damage. [potion of cure mutation]
 50960 | Zot:1    | Lost mutation: You are clumsy. (Dex -2) [potion of cure mutation]
 51507 | D:$      | Escaped with the Orb!

Skill      XL: |  1  2  3  4  5  6  7  8  9 10 11 12 13 14 15 16 17 18 19 20 21 22 23 24 25 26 27 |
---------------+----------------------------------------------------------------------------------+-----
Fighting       | 2 3 4 5 6 8 9 10 11 12 13 14 15 16 23 | 23.6
Dodging        | 2 3 4 5 6 7 8 9 10 13 | 13.4
Unarmed Combat | 1 2 3 4 6 7 9 10 13 14 16 17 18 19 20 27 | 27.0
Invocations    | 1 2 3 4 6 7 8 9 10 11 | 11.3
Shields        | 2 4 12 15 | 15.4
Earth Magic    | 6 10 12 13 | 13.5
Transmutations | 6 10 12 13 | 13.5
Spellcasting   | 4 7 8 9 10 11 12 24 | 24.7
Translocations | 2 4 5 6 22 | 22.8
Stealth        | 9 17 22 | 22.8
Charms         | 4 6 7 |  7.4
Summonings     | 4 6 23 | 23.2
Throwing       | |  3.6

Action                   |  1- 3 |  4- 6 |  7- 9 | 10-12 | 13-15 | 16-18 | 19-21 | 22-24 | 25-27 || total
-------------------------+-------+-------+-------+-------+-------+-------+-------+-------+-------++-------
Melee: Short sword       |    46 |       |       |       |       |       |       |       |       ||    46
       Bite              |    28 |   104 |   213 |   243 |    21 |   630 |   449 |   324 |  1961 ||  3973
       Dagger            |    98 |   146 |       |       |       |       |       |       |       ||   244
       Punch             |       |     7 |    10 |       |       |       |       |       |       ||    17
       Unarmed           |       |   118 |   415 |   391 |    31 |  1161 |  1150 |   716 |  4759 ||  8741
Throw: Throwing net      |       |     2 |       |       |       |       |       |       |     3 ||     5
 Cast: Statue Form       |       |       |       |       |       |    42 |   134 |    55 |   373 ||   604
       Repel Missiles    |       |       |       |       |       |     1 |     9 |     8 |    23 ||    41
       Apportation       |       |       |       |       |       |       |     6 |       |    78 ||    84
       Lesser Beckoning  |       |       |       |       |       |       |     5 |     1 |    97 ||   103
       Regeneration      |       |       |       |       |       |       |       |    14 |   142 ||   156
       Passage of Golubr |       |       |       |       |       |       |       |       |   174 ||   174
       Aura of Abjuratio |       |       |       |       |       |       |       |       |    58 ||    58
       Summon Butterflie |       |       |       |       |       |       |       |       |    23 ||    23
       Malign Gateway    |       |       |       |       |       |       |       |       |    15 ||    15
       Lee's Rapid Decon |       |       |       |       |       |       |       |       |    10 ||    10
       Blink             |       |       |       |       |       |       |       |       |     8 ||     8
       Controlled Blink  |       |       |       |       |       |       |       |       |     7 ||     7
       Irradiate         |       |       |       |       |       |       |       |       |     5 ||     5
Invok: Slouch            |       |       |     1 |     2 |       |    14 |     6 |       |    13 ||    36
       Temporal Distorti |       |       |       |     2 |       |    21 |     2 |     3 |    10 ||    38
       Step From Time    |       |       |       |       |       |       |       |       |     2 ||     2
 Abil: End Transformatio |       |       |       |       |       |       |     1 |       |       ||     1
Evoke: Wand              |       |       |       |     3 |       |    29 |    11 |       |    46 ||    89
  Use: Scroll            |       |       |     9 |    19 |     2 |    22 |     7 |     4 |    39 ||   102
       Potion            |       |       |       |     1 |     2 |     2 |       |       |    21 ||    26
 Stab: Held in net/web   |       |     1 |       |       |       |       |       |       |     1 ||     2
       Distracted        |       |       |     1 |       |       |     2 |     5 |     1 |    20 ||    29
       Paralysed         |       |       |       |       |       |     8 |       |       |       ||     8
       Sleeping          |       |       |       |       |       |     1 |    22 |     3 |    40 ||    66
       Confused          |       |       |       |       |       |     1 |       |       |     2 ||     3
       Petrifying        |       |       |       |       |       |       |       |       |     1 ||     1
  Eat: Chunk             |       |     3 |     8 |     8 |     2 |    26 |    58 |    20 |     2 ||   127
       Pizza             |       |       |       |       |       |     8 |     2 |     2 |     2 ||    14
       Fruit             |       |       |       |       |       |     1 |     7 |     3 |    32 ||    43
       Beef jerky        |       |       |       |       |       |       |       |       |    12 ||    12
       Bread ration      |       |       |       |       |       |       |       |       |    14 ||    14
       Royal jelly       |       |       |       |       |       |       |       |       |     2 ||     2
Armor: Fire dragon scale |    73 |   201 |   144 |       |       |       |       |       |       ||   418
       Leather armour    |     2 |       |       |       |       |       |       |       |       ||     2
       Plate armour      |       |       |    60 |   191 |    20 |   353 |       |       |       ||   624
       Skin              |       |       |       |       |       |   318 |   515 |   397 |  1749 ||  2979
       Robe              |       |       |       |       |       |       |    21 |     6 |    54 ||    81
Dodge: Dodged            |    95 |   221 |   339 |   244 |    20 |  1092 |  1124 |   812 |  6347 || 10294
       Deflected         |       |       |       |       |       |       |    38 |    29 |   112 ||   179
Block: Buckler           |       |       |    33 |   178 |    13 |   570 |   376 |       |       ||  1170
       Shield            |       |       |       |       |       |       |   429 |  1046 |  7464 ||  8939
       Reflection        |       |       |       |       |       |       |    49 |    98 |   233 ||   380
